 Dungeon Crawl Stone Soup version 0.23-a0-54-gae6112e (webtiles) character file.

210 Atlas the Grave Robber (level 5, -2/35 HPs)
             Began as a Mummy Necromancer on Aug 9, 2018.
             Killed from afar by an orc wizard (3 damage)
             ... with a magic dart
             ... on level 3 of the Dungeon.
             The game lasted 00:13:08 (3165 turns).

Atlas the Grave Robber (Mummy Necromancer)          Turns: 3165, Time: 00:13:09

Health: -2/35      AC:  7    Str: 11    XL:     5   Next: 57%
Magic:  3/12       EV: 11    Int: 15    God:
Gold:   265        SH:  3    Dex: 13    Spells: 13/14 levels left

rFire    x . .     SeeInvis .   (no weapon)
rCold    + . .     Gourm    .   l - +0 buckler
rNeg     + + +     Faith    .   j - +3 leather armour
rPois    ∞         Spirit   .   (no helmet)
rElec    .         Reflect  .   (no cloak)
rCorr    .         Harm     .   d - +0 pair of gloves
MR       .....                  (no boots)
Stlth    ++........             (no amulet)
HPRegen  0.11/turn              (no ring)
MPRegen  0.13/turn              (no ring)

@: very slightly contaminated
A: no food or potions, fire vulnerability, cold resistance 1, negative energy
resistance 3, torment resistance, unbreathing
a: no special abilities


You were on level 3 of the Dungeon.
You were not hungry.

You visited 1 branch of the dungeon, and saw 3 of its levels.

You collected 265 gold pieces.

Inventory:

Armour
 d - a +0 pair of gloves (worn)
 j - a +3 leather armour (worn)
 l - a +0 buckler (worn)
Wands
 k - a wand of enslavement (14)
Scrolls
 c - a scroll of remove curse
 f - 3 scrolls of magic mapping
 g - a scroll of enchant weapon
 h - a scroll of fog
 i - a scroll of amnesia


   Skills:
 + Level 0.2 Fighting
 + Level 0.8 Armour
 + Level 1.9 Dodging
 + Level 1.7 Stealth
 + Level 5.2 Spellcasting
 + Level 5.2 Necromancy


You had 13 spell levels left.
You knew the following spells:

 Your Spells              Type           Power        Failure   Level  Hunger
a - Pain                  Necr           ###.         4%          1    N/A

Your spell library contained the following spells:

 Spells                   Type           Power        Failure   Level  Hunger
 Animate Dead             Necr           N/A          36%         4    N/A
 Animate Skeleton         Necr           N/A          4%          1    N/A
 Vampiric Draining        Necr           ###.......   12%         3    N/A
 Regeneration             Chrm/Necr      ##........   34%         3    N/A

Dungeon Overview and Level Annotations

Branches:
Dungeon (3/15)

Altars:


Innate Abilities, Weirdness & Mutations

You do not eat or drink.
Your flesh is vulnerable to fire.
You are immune to poison.
Your flesh is cold resistant. (rC+)
You are immune to negative energy. (rN+++)
You are immune to unholy pain and torment.
You can survive without breathing.


Message History

You don't know that spell.
Unknown command.
Unknown command.
Unknown command.
Unknown command.
Unknown command.
Casting: Pain (safe; 4% risk of failure)
Confirm with . or Enter, or press ? or * to list all spells.
Aiming: Pain (safe; 4% risk of failure)
Press: ? - help, Shift-Dir - straight line Nothing appears to happen.
Something hits you but does no damage.
Casting: Pain (safe; 4% risk of failure)
Confirm with . or Enter, or press ? or * to list all spells.
Aiming: Pain (safe; 4% risk of failure)
Press: ? - help, Shift-Dir - straight line Nothing appears to happen.
You hear some strange, mumbled words.
A magic dart appears from out of thin air!
The magic dart hits you!
You die...

#.# #.#..##...
##.## #.#.......
#...####
#######.........
#......#
#......(......##
#...##.#
#.####.###.####.
######[#
#.####.###.# #.
#.# #.##.......#
#.
#)###.##.#.#####
#. #..@{....#.#
#. #####......#
##. ######## #..
#.# #.# ##.#
#... #..# #...


There were no monsters in sight!

Vanquished Creatures
  An orc priest (D:2)
  A gnoll (D:1)
  9 adders
  2 worms
  2 dart slugs (D:2)
  3 leopard geckos
  7 orcs
  13 bats
  2 giant cockroaches
  7 goblins
  6 hobgoblins
  5 jackals
  A quokka (D:2)
  5 frilled lizards
  8 kobolds
  6 rats
78 creatures vanquished.

Notes
Turn   | Place    | Note
-------+----------+-------------------------------------------
     0 | D:1      | Atlas the Mummy Necromancer began the quest for the Orb.
     0 | D:1      | Reached XP level 1. HP: 13/13 MP: 4/4
   220 | D:1      | Reached XP level 2. HP: 19/19 MP: 0/5
   703 | D:1      | Reached XP level 3. HP: 21/24 MP: 1/7
  1627 | D:2      | Reached XP level 4. HP: 18/30 MP: 0/10
  2286 | D:3      | Reached skill level 5 in Necromancy
  2478 | D:2      | Reached XP level 5. HP: 30/35 MP: 3/11
  2960 | D:3      | Reached skill level 5 in Spellcasting
  3150 | D:3      | HP: 1/35 [something/magic dart (7)]
  3157 | D:3      | HP: 1/35 [something/magic dart (1)]
  3162 | D:3      | HP: 1/35 [orc/flail of protection (1)]
  3165 | D:3      | Killed from afar by an orc wizard

Vault maps used:
D:1:      dpeg_arrival_morbid_curiosity
D:3:      tgw_kikubaaqudgha

Skill      XL: |  1  2  3  4  5 |
---------------+----------------+-----
Spellcasting   | 3 4 5 |  5.2
Necromancy     | 5 |  5.2
Fighting       | |  0.2
Armour         | |  0.8
Dodging        | |  1.9
Stealth        | |  1.7

Action                   |  1- 3 |  4- 6 || total
-------------------------+-------+-------++-------
Melee: Unarmed           |    20 |    20 ||    40
 Cast: Pain              |    74 |   104 ||   178
  Use: Scroll            |       |     9 ||     9
Armor: Robe              |     7 |       ||     7
       Leather armour    |     2 |    30 ||    32
Dodge: Dodged            |    35 |    25 ||    60
Block: Buckler           |       |     2 ||     2

Table legend:
 A = Spawn XP
 B = Non-spawn XP
 C = Spawn XP percentage of total XP
 D = Spawn monster count
 E = Non-spawn monster count
 F = Spawn count percentage of total count
 G = Total turns spent on level
                    A         B        C        D         E        F      G
               +---------+---------+-------+---------+---------+-------+---------
         Total |       0 |     301 |   0.0 |       0 |      78 |   0.0 |  3165
               +---------+---------+-------+---------+---------+-------+---------
           D:1 |       0 |      54 |   0.0 |       0 |      28 |   0.0 |  1153
           D:2 |       0 |     130 |   0.0 |       0 |      27 |   0.0 |  1375
           D:3 |       0 |     117 |   0.0 |       0 |      23 |   0.0 |   637
               +---------+---------+-------+---------+---------+-------+---------
